 Dungeon Crawl Stone Soup version 0.22-a0-422-g9628fc8 (webtiles) character file.

24 dstrtnsr the Skirmisher (level 2, 0/46 HPs)
             Began as a Troll Berserker on May 19, 2018.
             Was a Follower of Trog.
             Slain by Crazy Yiuf
             ... wielding a +2 quarterstaff of chaos
              (14 damage)
             ... on level 2 of the Dungeon.
             The game lasted 00:02:19 (777 turns).

dstrtnsr the Skirmisher (Troll Berserker)            Turns: 777, Time: 00:02:20

Health: 0/46       AC:  5    Str: 29    XL:     2   Next: 79%
Magic:  1/1        EV: 10    Int:  3    God:    Trog [*.....]
Gold:   12         SH:  0    Dex:  9    Spells: 1/1 levels left

rFire    . . .     SeeInvis .   b - 2 potions of haste {unknown}
rCold    . . .     Gourm    +   (no shield)
rNeg     . . .     Faith    .   a - +0 animal skin
rPois    .         Spirit   .   (helmet restricted)
rElec    .         Reflect  .   (no cloak)
rCorr    .         Harm     .   (gloves unavailable)
MR       .....                  (boots unavailable)
Stlth    ..........             (no amulet)
HPRegen  0.55/turn              (no ring)
MPRegen  0.07/turn              (no ring)

@: berserking (expiring), very quick
A: large, unfitting armour, claws 3, fast metabolism 3, gourmand, regeneration
1, shaggy fur 1, tough skin 2
a: Berserk, Renounce Religion


You were on level 2 of the Dungeon.
You worshipped Trog.
Trog was aware of your devotion.
You were not hungry.

You visited 1 branch of the dungeon, and saw 2 of its levels.

You collected 12 gold pieces.

Inventory:

Armour
 a - a +0 animal skin (worn)
Jewellery
 k - an uncursed ring of resist corrosion {unknown}
Scrolls
 c - a scroll of remove curse {unknown}
 d - a scroll of immolation {unknown}
 f - a scroll of amnesia {unknown}
 g - a scroll of identify {unknown}
 i - a scroll of blinking {unknown}
 j - a scroll of enchant armour {unknown}
Potions
 b - 2 potions of haste (in claw) {unknown}
 h - a potion of curing {unknown}


   Skills:
 + Level 3.3 Fighting
 - Level 2.4 Dodging
 - Level 3.0 Unarmed Combat


You had one spell level left.
You didn't know any spells.
Your spell library was empty.

Dungeon Overview and Level Annotations

Branches:
Dungeon (2/15)

Altars:

Annotations:
D:2 Crazy Yiuf


Innate Abilities, Weirdness & Mutations

You are too large for most types of armour.
You have claws for hands.
Your metabolism is lightning-fast.
You like to eat raw meat.
Your natural rate of healing is unusually fast.
You are covered in fur. (AC +1)
You have very tough skin. (AC +2)


Message History

You pass out from exhaustion.
You feel yourself slow down.
You can move again.
j - a scroll labeled RURCHO POLAEN You start waiting.
You feel yourself speed up.
You start waiting.
You recover from your berserk rage.
You are near starving!
k - a peridot ring You open the door.
There is an open door here.
Found a mace.
Found two maces.
You see here a mace.
Found three maces.
Found a runed door.
You see here a mace.
You see here a mace.
You see here a mace.
You see here a mace.
You see here a mace.
You see here a mace.
You see here a mace.
You see here a mace.
You are starving!
You need to eat something NOW!
You eat the ration {!d}.
That ration really hit the spot!
You are now empty-clawed.
Wield which item (- for none, * to show all)? (? for menu, Esc to quit)
b - 2 amethyst potions (in claw)
You see here a mace.
You see here a mace.
You see here a mace.
You see here a mace.
You see here a mace.
You open the door.
Crazy Yiuf the Enlightened comes into view.
He is wielding a quarterstaff of chaos.
Found seven maces.
Unknown command.
Do you really want to go berserk while wielding your 2 amethyst potions?
A red film seems to cover your vision as you go berserk!
You feel yourself moving faster!
You feel mighty!
You feel a lot more hungry.
The kobold shouts!
The kobold hits you with a mace.
Really attack while wielding your 2 amethyst potions? [Y]es or [N]o only, please.
Really attack while wielding your 2 amethyst potions? [Y]es or [N]o only, please.
Really attack while wielding your 2 amethyst potions? [Y]es or [N]o only, please.
Really attack while wielding your 2 amethyst potions? [Y]es or [N]o only, please.
Really attack while wielding your 2 amethyst potions?
You clumsily bash the kobold.
The kobold is moderately wounded.
You clumsily bash the kobold.
The kobold is severely wounded.
The kobold hits you with a mace.
You closely miss the kobold.
The kobold is severely wounded.
The kobold hits you but does no damage.
You clumsily bash the kobold.
You kill the kobold!
Trog accepts your kill.
You clumsily bash Crazy Yiuf.
Crazy Yiuf is lightly wounded.
Crazy Yiuf hits you with a quarterstaff of chaos.
Crazy Yiuf burns you.
You clumsily bash Crazy Yiuf.
Crazy Yiuf is moderately wounded.
Crazy Yiuf waves his quarterstaff at you.
Crazy Yiuf hits you with a quarterstaff of chaos!
You closely miss Crazy Yiuf.
Crazy Yiuf is moderately wounded.
Crazy Yiuf barely misses you.
You barely miss Crazy Yiuf.
Crazy Yiuf is moderately wounded.
Crazy Yiuf barely misses you.
You hit Crazy Yiuf!
Crazy Yiuf is severely wounded.
Crazy Yiuf hits you with a quarterstaff of chaos.
Crazy Yiuf burns you.
You closely miss Crazy Yiuf.
Crazy Yiuf is severely wounded.
Crazy Yiuf hits you but does no damage.
You clumsily bash Crazy Yiuf.
Crazy Yiuf is severely wounded.
Crazy Yiuf hits you with a quarterstaff of chaos.
You barely miss Crazy Yiuf.
Crazy Yiuf is severely wounded.
Crazy Yiuf hits you with a quarterstaff of chaos!
* * * LOW HITPOINT WARNING * * *
You are too injured to fight recklessly!
You are too injured to fight recklessly!
You are too injured to fight recklessly!
You are too injured to fight recklessly!
You clumsily bash Crazy Yiuf but do no damage.
Crazy Yiuf is severely wounded.
Crazy Yiuf hits you with a quarterstaff of chaos!
You die...

#.........# ###....##.#
#.#####.# #.# ### #.# #.#
####### #.# ###
###)#)..### #.#
#)).##))#).....## #.#
#.))g@####......# #. #.##
#)))### ##..#..# #.# #..#
### ####..# .. #..# #.##
#.##..# #.#
#..#..######### #.#
####.#..........########.#
#........................#
#......##'################


You could see Crazy Yiuf.

Vanquished Creatures
  A dart slug (D:1)
  2 leopard geckos
  3 bats
  A giant cockroach (D:1)
  2 hobgoblins
  4 jackals (D:1)
  3 kobolds
  A quokka (D:2)
17 creatures vanquished.

Notes
Turn   | Place    | Note
-------+----------+-------------------------------------------
     0 | D:1      | dstrtnsr the Troll Berserker began the quest for the Orb.
     0 | D:1      | Reached XP level 1. HP: 22/22 MP: 0/0
   191 | D:1      | Reached XP level 2. HP: 31/31 MP: 1/1
   713 | D:2      | Found a runed door.
   763 | D:2      | Noticed Crazy Yiuf
   776 | D:2      | HP: 13/46 [Crazy Yiuf/quarterstaff of chaos (9)]
   777 | D:2      | Slain by Crazy Yiuf

Vault maps used:
D:1:      nagdon_arrival_zigzag_paths
D:2:      lemuel_upstairs_altar, uniq_crazy_yiuf_cottage

Skill      XL: |  1 |
---------------+----+-----
Fighting       | 3 |  3.3
Dodging        | |  2.4
Unarmed Combat | |  3.0

Action                   || total
-------------------------++-------
Melee: Punch             ||     2
Invok: Berserk           ||    10
  Eat: Chunk             ||     8
       Ration            ||     2
Armor: Animal skin       ||   149
Dodge: Dodged            ||   126

Table legend:
 A = Spawn XP
 B = Non-spawn XP
 C = Spawn XP percentage of total XP
 D = Spawn monster count
 E = Non-spawn monster count
 F = Spawn count percentage of total count
 G = Total turns spent on level
                    A         B        C        D         E        F      G
               +---------+---------+-------+---------+---------+-------+---------
         Total |       0 |      35 |   0.0 |       0 |      17 |   0.0 |   777
               +---------+---------+-------+---------+---------+-------+---------
           D:1 |       0 |      24 |   0.0 |       0 |      11 |   0.0 |   505
           D:2 |       0 |      11 |   0.0 |       0 |       6 |   0.0 |   272
               +---------+---------+-------+---------+---------+-------+---------
